 Dungeon Crawl Stone Soup version 0.29.0-7-g18a832c13a (webtiles) character file.

Game seed: 13700432480324756565

165 Potemkin the Trooper (level 5, -1/42 HPs)
             Began as a Demonspawn Berserker on Aug 31, 2022.
             Was a Follower of Trog.
             Slain by Terence
             ... wielding a +6 vorpal hand axe
              (2 damage)
             ... on level 3 of the Dungeon.
             The game lasted 00:02:44 (987 turns).

Potemkin the Trooper (Demonspawn Berserker)          Turns: 987, Time: 00:02:44

Health: -1/42      AC:  8    Str: 19    XL:     5   Next: 21%
Magic:  5/5        EV: 11    Int:  8    God:    Trog [*.....]
Gold:   103        SH:  0    Dex: 13    Spells: 4/4 levels left

rFire   . . .      SeeInvis .   a - +0 hand axe
rCold   . . .      Faith    .   (no shield)
rNeg    . . .      Spirit   .   e - +0 ring mail {Will+}
rPois   .          Reflect  .   (helmet restricted)
rElec   .          Harm     .   f - +2 cloak
rCorr   .          Rampage  .   (no gloves)
Will    +....                   (no boots)
Stlth   +.........              (no amulet)
HPRegen 0.14/turn               (no ring)
MPRegen 0.09/turn               (no ring)

@: on berserk cooldown, slowed, very slow
A: antennae 1, hooves 1, demonic touch 1
a: Renounce Religion, Berserk


You were on level 3 of the Dungeon.
You worshipped Trog.
Trog was aware of your devotion.
You visited 1 branch of the dungeon, and saw 3 of its levels.

You collected 103 gold pieces.

Inventory:

Hand Weapons
 a - a +0 hand axe (weapon)
Armour
 b - a +2 helmet
 e - a +0 ring mail of willpower (worn)
 f - a +2 cloak (worn)
 g - a +1 hat


   Skills:
 + Level 4.0 Fighting
 + Level 4.0 Axes
 + Level 2.4 Armour
 + Level 2.5 Dodging


You had 4 spell levels left.
You didn't know any spells.
Your spell library contained the following spells:

 Spells                   Type           Power      Damage    Failure   Level
 Ensorcelled Hibernation  Hex/Ice        0%         N/A       73%         2
 Spider Form              Tmut/Pois      0%         N/A       91%         3
 Anguish                  Hex/Necr       0%         N/A       100%        4


Dungeon Overview and Level Annotations

Branches:
Dungeon (3/15)

Altars:

Annotations:
D:3 Terence


Innate Abilities, Weirdness & Mutations

You have a pair of small antennae on your head.
You have large cloven feet.
Your touch may inflict minor irresistible damage on your foes.


Message History

The ball python closely misses you.
You hit the ball python. Your touch misses the ball python.
The ball python is heavily wounded.
The ball python bites you but does no damage.
The ball python grabs you. The ball python constricts you.
The ball python bites you. The ball python constricts you.
You barely miss the ball python.
You kick the ball python, but do no damage.
You touch the ball python.
You kill the ball python!
Trog accepts your kill.
You feel better.
Okay, then.
You feel better.
Terence hits you with a +6 vorpal hand axe.
You hit Terence but do no damage. You kick Terence, but do no damage.
Terence barely misses you.
Terence hits you with a +6 vorpal hand axe!
You closely miss Terence. Your kick misses Terence.
Terence hits you with a +6 vorpal hand axe.
You hit Terence.
Terence is moderately wounded.
Terence hits you with a +6 vorpal hand axe.
* * * LOW HITPOINT WARNING * * *
Terence barely misses you.
You closely miss Terence. You kick Terence, but do no damage.
Terence is moderately wounded.
Terence closely misses you.
Terence hits you with a +6 vorpal hand axe.
* * * LOW HITPOINT WARNING * * *
x2 You hit Terence.
You kick Terence, but do no damage.
Terence is moderately wounded.
Terence hits you with a +6 vorpal hand axe.
* * * LOW HITPOINT WARNING * * *
x2 You aren't carrying any potions.
Okay, then.
You hit Terence but do no damage.
Terence is moderately wounded.
Terence hits you with a +6 vorpal hand axe.
You die...

...... ###..#. ..
...(.
#.#####..#####
#.......##.⌠.##
#..####.#.#.#.##
..#....)).#..!# #
#.#....'.†@@..#
#.###.###..)).#...#
#..........#.#.#.##
#.###.#....##.⌠.##
.. .).#.....##### .
..####........# >..
#.....##... #.
#.##### ##
#.######.#


You could see Terence.

Vanquished Creatures
  A kobold brigand (D:3)
  The ghost of Quercus the Digger, an amateur GrEE (D:3)
  A worm (D:2)
  A ball python (D:3)
  4 endoplasms
  2 goblins
  3 jackals (D:1)
  8 kobolds (D:3)
  A bat (D:2)
  2 rats
24 creatures vanquished.

Notes
Turn   | Place    | Note
-------+----------+-------------------------------------------
     0 | D:1      | Potemkin the Demonspawn Berserker began the quest for the
                  | Orb.
     0 | D:1      | Reached XP level 1. HP: 18/18 MP: 1/1
   367 | D:1      | Discovered your monstrous ancestry.
   367 | D:1      | Gained mutation: You have large cloven feet. [demonic
                  | ancestry]
   367 | D:1      | Reached XP level 2. HP: 12/24 MP: 2/2
   926 | D:3      | Found a runed translucent gate.
   927 | D:3      | Found a runed translucent gate.
   927 | D:3      | Noticed Quercus's ghost (amateur GrEE)
   929 | D:3      | Found a runed translucent gate.
   930 | D:3      | Noticed a kobold brigand
   969 | D:3      | Killed a kobold brigand
   970 | D:3      | Reached XP level 3. HP: 22/30 MP: 3/3
   970 | D:3      | Gained mutation: You have a pair of small antennae on your
                  | head. [demonic ancestry]
   970 | D:3      | Reached XP level 4. HP: 27/37 MP: 4/4
   970 | D:3      | Killed Quercus's ghost
   971 | D:3      | Gained mutation: Your touch may inflict minor irresistible
                  | damage on your foes. [demonic ancestry]
   971 | D:3      | Reached XP level 5. HP: 14/42 MP: 5/5
   975 | D:3      | Noticed Terence
   986 | D:3      | HP: 1/42 [Terence/+6 vorpal hand axe (2)]
   987 | D:3      | Slain by Terence

Illustrated notes

Levels and vault maps discovered:
D:1:      minmay_arrival_five_plusses, layout_basic, minmay_statues_item
D:2:      layout_basic
D:3:      layout_basic, bloody_trog, gammafunk_ghost_nasty_kobolds, uniq_terence

Skill      XL: |  1  2  3  4 |
---------------+-------------+-----
Armour         | 2 |  2.4
Axes           | 3 4 |  4.0
Dodging        | 2 |  2.5
Fighting       | 4 |  4.0

Action                   |  1- 3 |  4- 6 || total
-------------------------+-------+-------++-------
Melee: Hand axe          |    44 |    11 ||    55
       Kick              |     7 |     4 ||    11
       Touch             |       |     3 ||     3
Invok: Berserk           |     1 |       ||     1
  Use: Potion            |     4 |     3 ||     7
       Scroll            |     3 |       ||     3
Armor: Animal skin       |    10 |       ||    10
       Ring mail         |    14 |     4 ||    18
Dodge: Dodged            |    39 |     7 ||    46
